 Dungeon Crawl Stone Soup version 0.18-a0-5-gf1fb587 (webtiles) character file.

112 Raultor the Shield-Bearer (level 4, 0/28 HPs)
             Began as a Gargoyle Fighter on Oct 31, 2015.
             Killed by nerve-wracking pain
             ... invoked by Grinder
              (9 damage)
             ... on level 3 of the Dungeon.
             The game lasted 00:04:13 (1375 turns).

Raultor the Shield-Bearer (Gargoyle Fighter)        Turns: 1375, Time: 00:04:13

Health: 0/28       AC: 11    Str: 20    XL:     4   Next: 93%
Magic:  4/4        EV:  7    Int:  9    God:
Gold:   91         SH:  9    Dex:  9    Spells: 0 memorised, 3 levels left

rFire  . . .     SeeInvis .     a - +0 war axe
rCold  . . .     Clarity  .     b - +0 scale mail
rNeg   + . .     SustAt   .     c - +0 shield
rPois  ∞         Gourm    .     r - +0 helmet
rElec  +         Spirit   .     (no cloak)
rCorr  .         Warding  .     (no gloves)
rMut   .         Stasis   .     (no boots)
MR     .....                    (no amulet)
Stlth  ..........               (no ring)
                                (no ring)

@: not resistant to hostile enchantments, extremely unstealthy
A: negative energy resistance 1, electricity resistance, unbreathing,
petrification resistance, rot immunity, AC +3
a: no special abilities


You were on level 3 of the Dungeon.
You were hungry.

You visited 1 branch of the dungeon, and saw 3 of its levels.

You collected 91 gold pieces.

Inventory:

Hand Weapons
 a - a +0 war axe (weapon)
 p - a +0 mace
Armour
 b - a +0 scale mail (worn)
 c - a +0 shield (worn)
 r - a +0 helmet (worn)
Jewellery
 n - an uncursed ring of positive energy {unknown}
Scrolls
 f - 2 scrolls of noise {unknown}
 j - a scroll of enchant weapon {unknown}
 k - a scroll of fog {unknown}
 l - a scroll of remove curse {unknown}
 o - a scroll of recharging {unknown}
 s - a scroll of teleportation {unknown}
Potions
 d - a potion of might
 g - a potion of lignification {unknown}
 q - a potion of curing {unknown}
 t - a potion of agility {unknown}
Comestibles
 e - 3 bread rations
 h - 3 meat rations
 m - a slice of pizza


   Skills:
 - Level 3.2 Fighting
 * Level 3.1 Axes
 + Level 4.0 Armour
 - Level 0.2 Dodging
 + Level 4.4 Shields


You had 3 spell levels left.
You didn't know any spells.

Dungeon Overview and Level Annotations

Branches:
Dungeon (3/15)

Altars:
The Shining One

Annotations:
D:3 Grinder


Innate Abilities, Weirdness & Mutations

You are resistant to torment.
Your stone body is resilient (AC +3).
You are immune to poison.
You resist negative energy.
You are resistant to electric shocks.
You can survive without breathing.
You are immune to petrification.
You are immune to rotting.


Message History

No target in view!
No target in view!
Things that are here:
a club; a stone; a kobold corpse Your shield and scale mail prevent you from hitting Grinder.
You block Grinder's attack. Grinder closely misses you.
You closely miss Grinder. Grinder gestures at you.
Pain shoots through your body!
You slash Grinder!
Grinder is moderately wounded.
You block Grinder's attack. x2
You closely miss Grinder.
Grinder is moderately wounded.
Grinder barely misses you.
You slash Grinder!
Grinder is heavily wounded.
Grinder gestures at you. Pain shoots through your body!
You die...

# ### ######## .
..# ..<....# #5 #.#
.......# #. #.#
.......# #.###.#
.......# ##...#.##
.......# #......)#
.......# #.##(#@.#
.......#.##.##.#5.#
###.#.##..........#
##..#.#####..####.#
##.##.# #..####.#
##.##.# #.....<.#
......# ##.######
##....######.#
.............#


You could see Grinder.

Vanquished Creatures
  Terence (D:2)
  Robin (D:2)
  3 adders (D:2)
  An ooze (D:2)
  A worm (D:2)
  3 hobgoblins
  3 jackals (D:2)
  6 kobolds
  2 quokkas (D:2)
  8 bats
  A giant cockroach (D:1)
  4 giant geckos (D:1)
  7 goblins
  3 rats
44 creatures vanquished.

Notes
Turn   | Place    | Note
--------------------------------------------------------------
     0 | D:1      | Raultor the Gargoyle Fighter began the quest for the Orb.
     0 | D:1      | Reached XP level 1. HP: 14/14 MP: 1/1
   223 | D:1      | Reached XP level 2. HP: 17/19 MP: 2/2
   505 | D:2      | Reached skill level 4 in Shields
   505 | D:2      | Reached XP level 3. HP: 18/23 MP: 3/3
   559 | D:2      | Found a glowing golden altar of the Shining One.
   838 | D:2      | Noticed Terence
   843 | D:2      | Reached XP level 4. HP: 24/28 MP: 4/4
   846 | D:2      | Killed Terence
   925 | D:2      | Noticed Robin
   945 | D:2      | Killed Robin
  1358 | D:3      | Noticed Grinder
  1362 | D:3      | Paralysed by Grinder for 5 turns
  1375 | D:3      | Killed from afar by Grinder

Vault maps used:
D:1:      saegor_arrival_simple_a
D:2:      serial_glass, glass_columns_b, glass_columns_b, glass_columns_a,
          glass_columns_c, glass_columns_a, glass_columns_a, glass_columns_a,
          glass_columns_a, glass_columns_b, glass_columns_a, first_bread,
          nicolae_tso_carved_into_rock, uniq_robin, uniq_terence
D:3:      grunt_temple_overflow_open, kennysheep_cross_room, uniq_grinder,
          uniq_natasha

Action                   |  1- 3 |  4- 6 || total
-------------------------+-------+-------++-------
Melee: War axe           |   103 |    64 ||   167
  Eat: Chunk             |       |     1 ||     1
